 Dungeon Crawl Stone Soup version 0.25-a0-890-g62861fb (webtiles) character file.

Game seed: 18098413576615675835, levelgen mode: deterministic

79142 Balder the Severer (level 15, -1/130 HPs)
             Began as a Hill Orc Fighter on May 8, 2020.
             Was an Elder of Nemelex Xobeh.
             Slain by a +0 vampiric bardiche (7 damage)
             ... on level 2 of the Elven Halls on May 10, 2020.
             The game lasted 02:14:01 (27796 turns).

Balder the Severer (Hill Orc Fighter)              Turns: 27796, Time: 02:14:03

Health: -1/130     AC: 32    Str: 22    XL:     15   Next: 62%
Magic:  0/23       EV: 13    Int:  8    God:    Nemelex Xobeh [****..]
Gold:   1177       SH: 13    Dex: 19    Spells: 14/14 levels left

rFire    . . .     SeeInvis +   a - +5 broad axe (flame)
rCold    . . .     Gourm    .   c - +0 kite shield
rNeg     . . .     Faith    .   t - +5 plate armour {MR+}
rPois    .         Spirit   +   q - +0 helmet
rElec    .         Reflect  .   R - +1 cloak
rCorr    .         Harm     .   y - +0 pair of gloves
MR       ++...                  B - +2 pair of boots "Kapleushrykk" {Dex+5 SInv}
Stlth    ..........             h - amulet of guardian spirit
HPRegen  0.31/turn              i - +4 ring of protection
MPRegen  0.18/turn              v - +5 ring of evasion

@: lethally poisoned (-1 -> -38)
A: no striking features
a: Draw Escape, Draw Destruction, Draw Summoning, Triple Draw, Deal Four,
Renounce Religion


You were on level 2 of the Elven Halls.
You worshipped Nemelex Xobeh.
Nemelex Xobeh was greatly pleased with you.
You were not hungry.

You visited 5 branches of the dungeon, and saw 22 of its levels.

You collected 2391 gold pieces.
You spent 1214 gold pieces at shops.

Inventory:

Hand Weapons
 a - a +5 broad axe of flaming (weapon)
 b - a +5 eveningstar of freezing
 d - a +4 hunting sling of freezing
 p - the +1 short sword of Watchfulness {antimagic, rC++ Str+4}
   (You bought it in a shop on level 2 of the Orcish Mines)

   It reduces the magical energy of the wielder, and disrupts the spells and
   magical abilities of those hit.
   Natural abilities and divine invocations are not affected.
   It affects your strength (+4).
   It greatly protects you from cold.
 J - a +2 whip of holy wrath
 N - a +0 hand crossbow
Missiles
 z - 8 javelins
 C - 45 poisoned darts
 M - 25 boomerangs (quivered)
Armour
 c - a +0 kite shield (worn)
 q - a +0 helmet (worn)
 t - a +5 plate armour of magic resistance (worn)
 y - a +0 pair of gloves (worn)
 B - the +2 pair of boots "Kapleushrykk" (worn) {Dex+5 SInv}
   (You found it on level 7 of the Dungeon)

   It affects your dexterity (+5).
   It lets you see invisible.
 D - +0 pearl dragon scales
 O - the +4 plate armour of Xom's Righteous Fury {*Slow rC+ rN+ Str+6}
   (You found it on level 6 of the Lair of Beasts)

   It affects your strength (+6).
   It protects you from cold.
   It protects you from negative energy.
   It may slow you when you take damage.
 R - a +1 cloak (worn)
Jewellery
 h - an amulet of guardian spirit (around neck)
 i - a +4 ring of protection (left hand)
 s - an uncursed ring of stealth
 v - a +5 ring of evasion (right hand)
Wands
 n - a wand of digging (6)
 o - a wand of iceblast (11)
 x - a wand of disintegration (17)
 F - a wand of clouds (7)
 T - a wand of flame (10)
 U - a wand of polymorph (7)
Scrolls
 e - 5 scrolls of identify
 g - 5 scrolls of remove curse
 j - 7 scrolls of teleportation
 u - a scroll of amnesia
 K - a scroll of noise {unknown}
 L - a scroll of fog
Potions
 k - 2 potions of berserk rage
 l - 2 potions of haste
 w - a potion of stabbing
 A - a potion of flight {unknown}
 E - 2 potions of might
 I - 2 potions of ambrosia {unknown}
Comestibles
 f - 9 rations
 m - 3 chunks of flesh


   Skills:
 * Level 11.6 Fighting
   Level 7.2 Long Blades
 * Level 16.7(18.2) Axes
 * Level 11.1(14.1) Maces & Flails
 * Level 8.2 Throwing
 * Level 10.3 Armour
 + Level 3.3 Dodging
 + Level 1.7 Stealth
 * Level 11.4 Shields
 * Level 10.7 Invocations


You had 14 spell levels left.
You didn't know any spells.
Your spell library contained the following spells:

 Spells                   Type           Power        Failure   Level  Hunger
 Beastly Appendage        Tmut           #.....       100%        1    ##.....
 Shock                    Conj/Air       #...         100%        1    ##.....
 Sticks to Snakes         Tmut           #.......     100%        2    ###....
 Swiftness                Chrm/Air       #.......     100%        2    ###....
 Confusing Touch          Hex            #.......     100%        3    ####...
 Gell's Gravitas          Tloc           #.........   100%        3    ####...
 Spider Form              Tmut/Pois      #.........   100%        3    ####...
 Static Discharge         Conj/Air       #.......     100%        3    ####...
 Airstrike                Air            #.........   100%        4    #####..
 Ice Form                 Ice/Tmut       #.......     100%        4    #####..
 Petrify                  Tmut/Erth      #.......     100%        4    #####..
 Summon Lightning Spire   Summ/Air       #.......     100%        4    #####..
 Blade Hands              Tmut           #.........   100%        5    ######.
 Lightning Bolt           Conj/Air       #.........   100%        5    ######.
 Metabolic Englaciation   Hex/Ice        #.........   100%        5    ######.
 Silence                  Hex/Air        #.........   100%        5    ######.
 Yara's Violent Unravell  Hex/Tmut       #.........   100%        5    ######.
 Conjure Ball Lightning   Conj/Air       #.........   100%        6    #######
 Shadow Creatures         Summ           N/A          100%        6    #######
 Spellforged Servitor     Conj/Summ      #.........   100%        7    #######
 Tornado                  Air            #.........   100%        9    #######


Dungeon Overview and Level Annotations

Branches:
Dungeon (11/15)            Temple (1/1) D:4            Lair (6/6) D:9
 Shoals (0/4) Lair:4       Spider (0/4) Lair:2        Slime (0/5) Lair:5
    Orc (2/2) D:9             Elf (2/3) Orc:2

Altars:
Ashenzari
Cheibriados
Dithmenos
Elyvilon
Fedhas
Gozag
Hepliaklqana
Kikubaaqudgha
Makhleb
Nemelex Xobeh
Okawaru
Qazlal
Ru
Sif Muna
Trog
Uskayaw
Vehumet
Wu Jian
Xom
Yredelemnul
Zin
The Shining One
Beogh

Shops:
D:4 *   Orc:2 [=(*}

Annotations:
D:8 exclusion: statue
Lair:2 exclusion: oklob plant


Message History

You feel very sick. The +1 trident of venom misses you.
You block the +2 hand axe of venom's attack.
The +2 vorpal halberd hits you but does no damage.
You block the +0 flail of holy wrath's attack.
It was a potion of cancellation.
You feel magically purged.
Your magical contamination has completely faded away.
* * * LOW HITPOINT WARNING * * *
You feel very sick.
The +1 trident of venom barely misses you.
The +2 hand axe of venom completely misses you.
The deep elf knight gestures wildly while chanting.
The deep elf knight seems to speed up.
The +2 vorpal halberd hits you!
* * * LOW HITPOINT WARNING * * *
x2 The +0 flail of holy wrath hits you but does no damage.
The +1 trident of venom hits you but does no damage.
You are more poisoned.
The +0 vampiric bardiche hits you from afar!
You die...
Your body glows with a rainbow of weird colours and disappears.

#...##. .......
....... .......
.......
##....... .
#☼○§..... ...
##§e☼.....
.....#(@(○.....
..§.E((§(○.....
..○§§§e§§☼.....
..§.E☼§§.......
.§§E§..........
.☼.○...........
.☼§§.#.........
....###........
.... #........


You could see a deep elf knight (invisible), 3 earth elementals, a deep elf mage
and 5 dancing weapons.

Vanquished Creatures
  A deep elf elementalist (Elf:1)
  4 orc warlords (Orc:2)
  A deep elf demonologist (Elf:1)
  2 deep elf annihilators (Elf:1)
  6 dire elephants (Lair:6)
  A deep elf high priest (Elf:1)
  Fannar (Lair:3)
  3 hydras
  Erolcha (Orc:2)
  An anaconda (Lair:6)
  7 dancing weapons
  An ogre mage (Orc:2)
  4 two-headed ogres (Orc:2)
  An orc high priest (Orc:2)
  Urug (Lair:3)
  3 death yaks (Lair:6)
  6 deep elf knights
  Nergalle (Lair:3)
  Sonja (Lair:1)
  8 deep elf archers (Elf:1)
  8 orc knights
  5 orc sorcerers
  A cyclops (Orc:1)
  23 deep elf magi
  7 elephants
  A salamander (Elf:1)
  6 spiny frogs
  A rime drake (Lair:5)
  7 komodo dragons
  5 trolls
  Prince Ribbit (Lair:2)
  12 blink frogs
  6 dream sheep (Lair:4)
  3 hippogriffs
  A vampire (D:10)
  A wyvern (D:10)
  2 water elementals
  8 yaks
  A fire elemental (Elf:1)
  3 basilisks
  A hungry ghost (D:7)
  6 wargs
  12 water moccasins
  9 porcupines
  37 orc warriors
  2 ice beasts (D:10)
  2 black bears
  2 phantoms
  5 sky beasts
  A necrophage (D:8)
  13 ogres
  5 wolves (Lair:2)
  6 centaurs
  An eye of draining (D:7)
  5 crocodiles
  6 bullfrogs
  A big kobold (D:8)
  2 earth elementals (Elf:1)
  A gnoll sergeant (D:7)
  2 scorpions
  6 killer bees (D:7)
  4 wights (D:10)
  An electric eel (Lair:3)
  2 howler monkeys
  3 crimson imps
  A bullfrog zombie (D:5)
  2 centaur zombies (D:8)
  5 jellies
  4 hounds
  14 orc priests
  22 orc wizards
  4 iguanas
  7 hell rats (Lair:5)
  8 worker ants
  A hound zombie (D:6)
  A worker ant zombie (D:6)
  10 adders
  3 gnolls (D:7)
  2 shadow imps
  8 oozes
  An adder skeleton (D:9)
  2 worms
  3 dart slugs
  5 leopard geckos
  54 orcs
  5 giant cockroaches
  3 hobgoblins
  14 jackals
  2 quokkas
  2 ball pythons (D:1)
  10 bats
  5 frilled lizards
  8 goblins
  A jackal skeleton (D:8)
  12 kobolds
  A quokka skeleton (D:9)
  6 rats
  4 fungi
  4 plants
525 creatures vanquished.

Vanquished Creatures (collateral kills)
  A hungry ghost (D:9)
  A water moccasin (Lair:1)
  2 orc warriors
  2 ogres
  2 orc priests
  An orc wizard (Orc:1)
  4 orcs
13 creatures vanquished.

Vanquished Creatures (others)
  2 dancing weapons (Elf:2)
  2 deep elf magi (Elf:1)
  A human (shapeshifter) (Elf:2)
  A swamp worm (Elf:2)
  A floating eye (Elf:2)
  An orc (Orc:2)
  A quokka (D:2)
  3 fungi (Lair:6)
  6 plants
18 creatures vanquished.

Grand Total: 556 creatures vanquished

Notes
Turn   | Place    | Note
-------+----------+-------------------------------------------
     0 | D:1      | Balder the Hill Orc Fighter began the quest for the Orb.
     0 | D:1      | Reached XP level 1. HP: 19/19 MP: 1/1
   143 | D:1      | Reached XP level 2. HP: 14/27 MP: 2/2
   493 | D:1      | Reached skill level 3 in Axes
   823 | D:2      | Reached XP level 3. HP: 31/33 MP: 3/3
  1003 | D:2      | Found a white marble altar of Elyvilon.
  1066 | D:2      | Reached XP level 4. HP: 40/40 MP: 4/4
  1371 | D:3      | Reached skill level 4 in Axes
  1371 | D:3      | Reached skill level 1 in Throwing
  1516 | D:3      | Reached XP level 5. HP: 38/46 MP: 5/5
  1666 | D:3      | Found a snail-covered altar of Cheibriados.
  2391 | D:4      | Noticed an ogre
  2403 | D:4      | Killed an ogre
  2403 | D:4      | Reached skill level 5 in Axes
  2403 | D:4      | Reached XP level 6. HP: 53/53 MP: 6/6
  2439 | D:4      | Found a staircase to the Ecumenical Temple.
  2463 | Temple   | Entered the Ecumenical Temple
  2716 | Temple   | Became a worshipper of Nemelex Xobeh the Trickster
  2934 | D:4      | Received a gift from Nemelex Xobeh
  2951 | D:4      | Found Gozag's Platinum Reserve.
  2952 | D:4      | Found an opulent altar of Gozag.
  3058 | D:4      | Found an ornate altar of the Wu Jian Council.
  3063 | D:4      | Found a stormy altar of Qazlal.
  3122 | D:4      | Found a shimmering altar of Xom.
  3122 | D:4      | Found a glowing golden altar of the Shining One.
  3228 | D:4      | Reached skill level 1 in Dodging
  3229 | D:4      | Reached XP level 7. HP: 30/60 MP: 7/7
  3415 | D:4      | Reached skill level 6 in Axes
  3415 | D:4      | Reached skill level 1 in Invocations
  4043 | D:4      | Reached * piety under Nemelex Xobeh
  4220 | D:5      | Entered Level 5 of the Dungeon
  4238 | D:5      | Received a gift from Nemelex Xobeh
  4403 | D:5      | Found a sacrificial altar of Ru.
  4435 | D:5      | Reached skill level 5 in Shields
  4532 | D:5      | Received a gift from Nemelex Xobeh
  4568 | D:5      | Found a white marble altar of Elyvilon.
  4636 | D:5      | Found a burning altar of Makhleb.
  4901 | D:6      | Reached ** piety under Nemelex Xobeh
  4945 | D:6      | Reached skill level 7 in Axes
  5205 | D:6      | Reached XP level 8. HP: 67/67 MP: 9/9
  5243 | D:6      | Reached skill level 5 in Armour
  5281 | D:6      | Reached skill level 5 in Fighting
  5294 | D:6      | Received a gift from Nemelex Xobeh
  5775 | D:7      | Reached skill level 8 in Axes
  5842 | D:7      | Got a pair of jewelled boots
  5848 | D:7      | Identified the +2 pair of boots "Kapleushrykk" {Dex+5 SInv}
                  | (You found it on level 7 of the Dungeon)
  6175 | D:7      | Reached skill level 9 in Axes
  6175 | D:7      | Reached XP level 9. HP: 74/74 MP: 0/12
  6323 | D:7      | Found a shattered altar of Ashenzari.
  7006 | D:7      | Reached *** piety under Nemelex Xobeh
  7203 | D:8      | Reached skill level 10 in Axes
  7304 | D:8      | Received a gift from Nemelex Xobeh
  7887 | D:8      | Reached skill level 5 in Invocations
  8389 | D:8      | Reached XP level 10. HP: 84/84 MP: 13/13
  8390 | D:8      | Found a radiant altar of Vehumet.
  8390 | D:8      | Received a gift from Nemelex Xobeh
  8520 | D:8      | Reached skill level 11 in Axes
  8700 | D:9      | Found a staircase to the Lair.
  8773 | D:9      | Reached skill level 1 in Maces & Flails
  8930 | D:9      | Reached skill level 1 in Long Blades
  8976 | D:9      | Found a staircase to the Orcish Mines.
  9148 | D:9      | Received a gift from Nemelex Xobeh
  9454 | D:9      | Found a shimmering blue altar of Sif Muna.
  9454 | D:9      | Found a hide-covered altar of Uskayaw.
  9493 | D:10     | Entered Level 10 of the Dungeon
  9727 | D:10     | Reached **** piety under Nemelex Xobeh
  9935 | D:10     | Received a gift from Nemelex Xobeh
 10381 | D:11     | Reached skill level 12 in Axes
 10561 | Lair:1   | Entered Level 1 of the Lair of Beasts
 10761 | Lair:1   | Noticed Sonja
 10764 | Lair:1   | Noticed a spiny frog
 10782 | Lair:1   | Killed a spiny frog
 10785 | Lair:1   | Reached XP level 11. HP: 25/91 MP: 15/15
 10786 | Lair:1   | Killed Sonja
 10801 | Lair:1   | HP: 6/138 [poisoned by Sonja (curare-tipped dart)]
 10807 | Lair:1   | HP: 4/138 [poisoned by Sonja (curare-tipped dart)]
 11233 | Orc:1    | Entered Level 1 of the Orcish Mines
 11233 | Orc:1    | Noticed an orc sorcerer
 11239 | D:9      | Paralysed by an orc sorcerer for 5 turns
 11246 | D:9      | Killed an orc sorcerer
 11339 | Orc:1    | Noticed an orc knight
 11515 | Orc:1    | Killed an orc knight
 12076 | Orc:1    | Noticed an orc knight
 12119 | Orc:1    | Killed an orc knight
 12484 | Orc:2    | Entered Level 2 of the Orcish Mines
 12538 | Orc:1    | Reached skill level 5 in Throwing
 12596 | Orc:2    | Found Vuappas's Gadget Emporium.
 12608 | Orc:2    | Bought a wand of iceblast (9) for 156 gold pieces
 12660 | Orc:1    | Noticed a cyclops
 12661 | Orc:1    | Noticed an orc knight
 12928 | Lair:1   | Received a gift from Nemelex Xobeh
 13092 | Lair:1   | Received a gift from Nemelex Xobeh
 13429 | Lair:2   | Reached ***** piety under Nemelex Xobeh
 13566 | Lair:2   | Received a gift from Nemelex Xobeh
 13574 | Lair:2   | Noticed an oklob plant
 13612 | Lair:2   | Reached skill level 13 in Axes
 13851 | Lair:2   | Noticed Prince Ribbit
 13857 | Lair:2   | Killed Prince Ribbit
 14099 | Lair:2   | Received a gift from Nemelex Xobeh
 14140 | Lair:2   | Found a hole to the Spider Nest.
 14807 | Lair:3   | Reached skill level 1 in Stealth
 14807 | Lair:3   | Reached XP level 12. HP: 101/101 MP: 17/17
 14856 | Lair:3   | Received a gift from Nemelex Xobeh
 14857 | Lair:3   | Noticed Fannar
 14925 | Lair:3   | Killed Fannar
 15213 | Lair:3   | Noticed a five-headed hydra
 15225 | Lair:3   | Killed a five-headed hydra
 15348 | Lair:3   | Noticed Nergalle
 15357 | Lair:3   | Killed Nergalle
 15585 | Lair:3   | Noticed Urug
 15604 | Lair:3   | Killed Urug
 15702 | Lair:3   | Received a gift from Nemelex Xobeh
 16056 | Lair:4   | Reached skill level 14 in Axes
 16259 | Lair:4   | Received a gift from Nemelex Xobeh
 16263 | Lair:4   | Reached ****** piety under Nemelex Xobeh
 16500 | Lair:4   | Found a staircase to the Shoals.
 16526 | Lair:4   | Reached skill level 5 in Maces & Flails
 16534 | Lair:4   | Reached skill level 5 in Long Blades
 16780 | Lair:4   | Received a gift from Nemelex Xobeh
 17269 | Lair:5   | Received a gift from Nemelex Xobeh
 17354 | Lair:5   | Noticed a seven-headed hydra
 17365 | Lair:5   | Killed a seven-headed hydra
 17690 | Lair:5   | Found an opulent altar of Gozag.
 17882 | Lair:5   | Received a gift from Nemelex Xobeh
 17899 | Lair:5   | Found a staircase to the Slime Pits.
 18229 | Lair:6   | Entered Level 6 of the Lair of Beasts
 18282 | Lair:6   | Received a gift from Nemelex Xobeh
 18381 | Lair:6   | Reached XP level 13. HP: 111/111 MP: 19/19
 18991 | Lair:6   | Received a gift from Nemelex Xobeh
 19163 | Lair:6   | Received a gift from Nemelex Xobeh
 19376 | Lair:6   | Got a transparent plate armour
 19388 | Lair:6   | Identified the +4 plate armour of Xom's Righteous Fury
                  | {*Slow rC+ rN+ Str+6} (You found it on level 6 of the Lair
                  | of Beasts)
 19670 | Lair:6   | Reached skill level 10 in Shields
 19695 | Lair:6   | Noticed a dire elephant
 19698 | Lair:6   | Noticed a dire elephant
 19711 | Lair:6   | Killed a dire elephant
 19717 | Lair:6   | Killed a dire elephant
 19929 | Lair:6   | Noticed a dire elephant
 19929 | Lair:6   | Noticed a dire elephant
 19957 | Lair:6   | Killed a dire elephant
 19961 | Lair:6   | Killed a dire elephant
 20214 | Lair:6   | Identified Sif Muna's Reference Book on Creation
 20327 | Lair:6   | Reached skill level 15 in Axes
 20466 | Lair:6   | Noticed a dire elephant
 20472 | Lair:6   | Noticed a dire elephant
 20486 | Lair:6   | Killed a dire elephant
 20500 | Lair:6   | Killed a dire elephant
 21212 | Orc:2    | Found a staircase to the Elven Halls.
 21232 | Orc:2    | Found a roughly hewn altar of Beogh.
 21274 | Orc:2    | Received a gift from Nemelex Xobeh
 21473 | Orc:2    | Reached skill level 10 in Fighting
 21475 | Orc:2    | Paralysed by an orc sorcerer for 4 turns
 21769 | Orc:2    | Noticed an orc warlord
 21792 | Orc:2    | Reached XP level 14. HP: 96/121 MP: 20/20
 21810 | Orc:2    | Killed an orc warlord
 22131 | Orc:2    | Found a roughly hewn altar of Beogh.
 22323 | Orc:2    | Found Keubiwn's General Store.
 22365 | Orc:2    | Found Jaogafow's Jewellery Shop.
 22387 | Orc:2    | Found Vurhopre's Antique Weapon Shop.
 22477 | Orc:2    | Noticed Erolcha
 22485 | Orc:2    | Killed Erolcha
 23154 | Orc:2    | Found Boesac's Antique Armour Shop.
 23209 | Orc:2    | Noticed an orc warlord
 23234 | Orc:2    | Killed an orc warlord
 23321 | Orc:2    | Noticed an orc warlord
 23327 | Orc:2    | HP: 5/122 [orc warrior/+0 short sword[an orc warlord] (10)]
 23635 | Orc:2    | Bought an uncursed amulet of guardian spirit for 420 gold
                  | pieces
 23830 | Orc:2    | Killed an orc warlord
 24095 | Orc:2    | Noticed an orc warlord
 24112 | Orc:2    | Killed an orc warlord
 24112 | Orc:2    | Reached skill level 10 in Invocations
 24916 | Orc:2    | Bought a ration for 85 gold pieces
 24944 | Orc:2    | Bought a bloodstained short sword for 216 gold pieces
 24944 | Orc:2    | Bought a glowing broad axe for 189 gold pieces
 24944 | Orc:2    | Bought a runed whip for 148 gold pieces
 24947 | Orc:2    | Identified the cursed +1 short sword of Watchfulness
                  | {antimagic, rC++ Str+4} (You bought it in a shop on level 2
                  | of the Orcish Mines)
 25015 | Elf:1    | Entered Level 1 of the Elven Halls
 25017 | Elf:1    | Noticed a deep elf demonologist
 25293 | Elf:1    | Killed a deep elf demonologist
 25490 | Elf:1    | Received a gift from Nemelex Xobeh
 25549 | Elf:1    | Reached skill level 10 in Maces & Flails
 25811 | Elf:1    | Reached XP level 15. HP: 128/128 MP: 22/22
 25896 | Elf:1    | Reached skill level 16 in Axes
 25996 | Elf:1    | Reached skill level 10 in Armour
 26457 | Elf:1    | Noticed a deep elf elementalist
 26476 | Elf:1    | Killed a deep elf elementalist
 27769 | Elf:2    | Paralysed by a floating eye for 4 turns
 27796 | Elf:2    | HP: 6/130 [+2 vorpal halberd (1)]
 27796 | Elf:2    | Slain by a +0 vampiric bardiche

Levels and vault maps discovered:
D:1:      dpeg_arrival_long_road, layout_loops_cross, minmay_heptomino_l4
D:2:      layout_basic, elyvilon_altar_4
D:3:      layout_basic, kennysheep_slug_shrine, first_ration,
          kennysheep_generic_room_16
D:4:      layout_cave_pods, grunt_temple_overflow_open,
          minmay_temple_entry_trees, nicolae_gozag_zags_fifth_avenue
D:5:      layout_rooms, old_standard_altar, lemuel_crystal_altar,
          kennysheep_mini
D:6:      layout_loops_ring, chequers_hall_statues_y, grunt_decor_one_mirror
D:7:      layout_loops_corners, ashenzari_altar_1
D:8:      layout_basic, vehumet_statue, hangedman_little_slice_of_home
D:9:      layout_small_grid, gammafunk_temple_overflow_elements,
          dpeg_oklobed_lair, erik_orc_4
D:10:     layout_stronghold
D:11:     kennysheep_spiral_hall, layout_cave_pools, gammafunk_ghost_hydra_chop
Temple:   dpeg_chambers_temple
Lair:1:   layout_regular_city, uniq_sonja
Lair:2:   layout_hall_layers, spider_nest_entry_web_field,
          nicolae_volcano_entry_s_turn, infiniplex_staircase_pool_2,
          grunt_megastairs_4, minmay_lair_oklob_chamber, uniq_prince_ribbit2
Lair:3:   layout_regular_city, serial_bayou_shore_a, grunt_megastairs_5,
          uniq_urug, uniq_fannar, uniq_nergalle
Lair:4:   layout_regular_city, elwin_shoals_entry_rocks, serial_bayou_shore_b
Lair:5:   layout_roguey, slime_dummy, basic_altar
Lair:6:   due_jungle_book, layout_loops_ring
Orc:1:    layout_diamond_mine, abandoned_shop
Orc:2:    grunt_orc_cross, layout_diamond_mine, serial_shops,
          nicolae_shop_crystal, basic_altar, minmay_orc_treasury, uniq_erolcha
Elf:1:    minmay_elf_arrival_plus, layout_geoelf_diagonals,
          hangedman_elf_represent
Elf:2:    layout_onion_city

Skill      XL: |  1  2  3  4  5  6  7  8  9 10 11 12 13 14 15 |
---------------+----------------------------------------------+-----
Axes           | 3 4 5 7 9 10 12 13 14 15 16 | 16.7
Shields        | 4 5 6 7 8 9 10 11 | 11.4
Fighting       | 4 5 6 7 9 10 11 | 11.6
Throwing       | 1 2 3 4 5 6 7 8 |  8.2
Armour         | 4 5 6 7 8 9 10 | 10.3
Dodging        | 1 2 3 |  3.3
Invocations    | 2 4 5 6 7 8 9 10 | 10.7
Maces & Flails | 2 4 6 8 10 11 | 11.1
Long Blades    | 2 4 5 6 7 |  7.2
Stealth        | 1 |  1.7

Action                   |  1- 3 |  4- 6 |  7- 9 | 10-12 | 13-15 || total
-------------------------+-------+-------+-------+-------+-------++-------
Melee: War axe           |   131 |   161 |   460 |   305 |       ||  1057
       Flail             |       |       |       |    15 |       ||    15
       Broad axe         |       |       |       |   249 |   373 ||   622
       Eveningstar       |       |       |       |   118 |   376 ||   494
       Mace              |       |       |       |       |    19 ||    19
Throw: Dart              |     6 |     7 |    17 |     6 |    62 ||    98
       Boomerang         |       |       |    11 |    23 |    96 ||   130
       Javelin           |       |       |       |    14 |     6 ||    20
Invok: Draw Summoning    |       |     1 |       |     4 |     5 ||    10
       Triple Draw       |       |       |     1 |       |     1 ||     2
       Draw Destruction  |       |       |       |     2 |     6 ||     8
       Draw Escape       |       |       |       |     1 |     3 ||     4
       Deal Four         |       |       |       |       |     2 ||     2
Evoke: Wand              |       |       |       |       |     6 ||     6
  Use: Potion            |       |     1 |     1 |     9 |     6 ||    17
       Scroll            |       |     6 |     7 |     9 |    17 ||    39
 Stab: Sleeping          |       |       |       |     1 |     1 ||     2
       Distracted        |       |       |       |       |     1 ||     1
  Eat: Chunk             |     1 |     5 |    11 |     5 |    23 ||    45
       Ration            |       |     1 |     4 |     8 |     2 ||    15
Armor: Scale mail        |    90 |    83 |    90 |       |       ||   263
       Pearl dragon scal |       |       |    33 |   256 |    25 ||   314
       Plate armour      |       |       |       |       |   282 ||   282
Dodge: Dodged            |    46 |    49 |   229 |   337 |   344 ||  1005
Block: Kite shield       |    70 |    74 |   216 |   405 |   517 ||  1282

Table legend:
 A = Non-vault XP
 B = Vault XP
 C = Vault XP percentage of total XP
 D = Non-vault monster count
 E = Vault monster count
 F = Vault count percentage of total count
                 A         B        C        D         E       F
            +---------+---------+-------+---------+---------+-------
      Total |   76088 |   36972 |  32.7 |     394 |     138 |  25.9
            +---------+---------+-------+---------+---------+-------
        D:1 |      23 |       2 |   8.0 |      15 |       2 |  11.8
        D:2 |      69 |       0 |   0.0 |      21 |       0 |   0.0
        D:3 |      80 |      47 |  37.0 |      29 |       3 |   9.4
        D:4 |     513 |       0 |   0.0 |      14 |       0 |   0.0
        D:5 |     383 |       0 |   0.0 |       8 |       0 |   0.0
        D:6 |     598 |       0 |   0.0 |      10 |       0 |   0.0
        D:7 |    1475 |       0 |   0.0 |      25 |       0 |   0.0
        D:8 |    1402 |     163 |  10.4 |      31 |       8 |  20.5
        D:9 |    1279 |     557 |  30.3 |      16 |      17 |  51.5
       D:10 |    1614 |       0 |   0.0 |      21 |       0 |   0.0
       D:11 |      40 |       0 |   0.0 |       1 |       0 |   0.0
     Lair:1 |    2368 |     807 |  25.4 |      13 |       1 |   7.1
     Lair:2 |    1090 |    2480 |  69.5 |       7 |       8 |  53.3
     Lair:3 |    1835 |    2795 |  60.4 |       8 |       4 |  33.3
     Lair:4 |    4307 |       0 |   0.0 |      17 |       0 |   0.0
     Lair:5 |    2884 |       0 |   0.0 |      17 |       0 |   0.0
     Lair:6 |   16784 |    2850 |  14.5 |      35 |       5 |  12.5
      Orc:1 |    3986 |       0 |   0.0 |      41 |       0 |   0.0
      Orc:2 |    7313 |   19453 |  72.7 |      22 |      79 |  78.2
      Elf:1 |   27308 |    5565 |  16.9 |      40 |       8 |  16.7
      Elf:2 |     737 |    2253 |  75.4 |       3 |       3 |  50.0
            +---------+---------+-------+---------+---------+-------
